 Dungeon Crawl Stone Soup version 0.31-a0-523-g071a6c1ffa (webtiles) character file.

Game seed: 11222141208839236721

2095 Crownlay the Grappler (level 9, -2/85 HPs)
             Began as a Troll Gladiator on Aug 11, 2023.
             Slain by Jeremiah
             ... wielding a +3 vampiric glaive
              (11 damage)
             ... on level 6 of the Dungeon.
             The game lasted 00:08:55 (3985 turns).

Crownlay the Grappler (Troll Gladiator)             Turns: 3985, Time: 00:08:56

Health: -2/85      AC:  4    Str: 24    XL:     9   Next: 7%
Magic:  0/8        EV: 15    Int:  8    God:
Gold:   234        SH:  0    Dex: 17    Spells: 8/8 levels left

rFire   . .          .
                       - Unarmed
rCold   . . .        (no shield)
rNeg    . . .        a - +0 robe
rPois   .            b - +0 hat
rElec   .            (no cloak)
rCorr   .            (gloves unavailable)
SInv    .            (boots unavailable)
Will    .....        h - amulet of guardian spirit
Stlth   ++           q - +6 ring of dexterity
HPRegen 1.14/turn    A - +5 ring of evasion
MPRegen 0.11/turn

%: guardian spirit
@: no status effects
A: large, unfitting armour, claws 3, regeneration 1, shaggy fur 1, tough skin 1
a: no special abilities


You were on level 6 of the Dungeon.
You visited 2 branches of the dungeon, and saw 7 of its levels.

You collected 234 gold pieces.

Inventory:

Missiles
 c - a throwing net (quivered)
 d - a large rock
Armour
 a - a +0 robe (worn)
 b - a +0 hat (worn)
Jewellery
 h - an amulet of guardian spirit (around neck)
 q - a +6 ring of dexterity (left claw)
 A - a +5 ring of evasion (right claw)
Talismans
 p - a blade talisman
Wands
 v - a wand of charming (4)
 y - a wand of flame (21)
Scrolls
 g - 3 scrolls of identify
 i - 3 scrolls of blinking
 j - 2 scrolls of vulnerability
 k - a scroll of enchant weapon {unknown}
 l - 2 scrolls of poison
 n - a scroll of enchant armour {unknown}
 r - a scroll of fear {unknown}
 s - a scroll of immolation {unknown}
 x - a scroll of noise {unknown}
 z - a scroll of torment {unknown}
Potions
 e - 2 potions of curing {unknown}
 f - 2 potions of heal wounds {unknown}
 m - 2 potions of lignification {unknown}
 o - 2 potions of cancellation {unknown}
 t - a potion of berserk rage {unknown}
 u - 2 potions of attraction {unknown}
 w - a potion of might {unknown}
 B - a potion of resistance {unknown}


   Skills:
 + Level 4.7 Fighting
 - Level 1.7 Throwing
 - Level 2.4 Dodging
 + Level 4.8 Shields
 * Level 8.3 Unarmed Combat
 + Level 3.8 Shapeshifting


You had 8 spell levels left.
You didn't know any spells.
Your spell library contained the following spells:

 Spells                   Type           Power      Damage    Failure   Level
 Summon Small Mammal      Summ           0%         N/A       41%         1
 Call Canine Familiar     Summ           0%         N/A       78%         3
 Summon Guardian Golem    Hex/Summ       0%         N/A       78%         3


Dungeon Overview and Level Annotations

Branches:
Dungeon (6/15)             Temple (1/1) D:4

Altars:
Ashenzari
Gozag
Hepliaklqana
Makhleb
Okawaru
Qazlal
Ru
Sif Muna
Trog
Yredelemnul
Zin
The Shining One

Shops:
D:6 =

Annotations:
D:6 Jeremiah


Innate Abilities, Weirdness & Mutations

You are too large for most types of armour.
You have claws for hands.
Your natural rate of healing is unusually fast.
You are covered in fur. (AC +1)
You have tough skin. (AC +1)


Message History

Jeremiah mumbles a slurred invocation.
Something smites you!
* * * LOW HITPOINT WARNING * * *
You mangle the butterfly!!
You kill the butterfly!
The butterfly disappears in a burst of colours! x2
You are too injured to fight recklessly!
The butterfly disappears in a burst of colours!
Jeremiah hits you with a +3 vampiric glaive.
* * * LOW HITPOINT WARNING * * *
You closely miss Jeremiah.
The butterfly disappears in a burst of colours!
Jeremiah completely misses you.
You scratch Jeremiah.
Jeremiah is lightly wounded.
The butterfly disappears in a burst of colours!
Jeremiah completely misses you.
You closely miss Jeremiah.
Jeremiah is lightly wounded.
Jeremiah hits you with a +3 vampiric glaive.
* * * LOW HITPOINT WARNING * * *
Jeremiah draws strength from your wounds!
You closely miss Jeremiah.
Jeremiah is lightly wounded.
You scratch Jeremiah.
Jeremiah is lightly wounded.
The butterfly disappears in a burst of colours!
Jeremiah closely misses you.
You mangle Jeremiah!!
Jeremiah is moderately wounded.
Jeremiah hits you with a +3 vampiric glaive!
* * * LOW HITPOINT WARNING * * *
Throw: 2 throwing nets
Press: ? - help, Shift-Dir - straight line, f - Jeremiah
Aim: Jeremiah, wielding a +3 vampiric glaive and wearing a +0 robe (moderately wounded, 51% to hit)
You throw a throwing net.
The throwing net closely misses Jeremiah.
The butterfly disappears in a burst of colours!
Jeremiah hits you with a +3 vampiric glaive!
You die...

..#.# #### #..#. ## #.#.#
#oo# #...# .# #.#.# o##
#...##.### #.#.# o..
#.#...... #.#.#.######
#.#b...# #.#.# .....
#b#....##..
##.#.##########.b......#
.#.............b.b.#
#.#######....###@#######..#
.#.# ###.####Fbb.b.....#
..## #....b#b###...... .##
#.###.#b###.#b... ..#
#.#.b.......# ..# ..####
#.#.#.#.##### # .......
#.....#.# .....## #.#.#.#..
.....# #.#†#.####


You could see Jeremiah.

Vanquished Creatures
  Pikel (D:4)
  Edmund (D:4)
  2 water moccasins
  2 black bears
  3 ogres
  A bullfrog (D:6)
  Blork the orc (D:4)
  3 scorpions
  2 hounds (D:5)
  A jelly (D:4)
  3 orc priests (D:5)
  Ijyb (D:5)
  3 orc wizards
  14 adders
  A shadow imp (D:6)
  2 ufetubi
  4 dart slugs
  19 orcs
  8 endoplasms
  3 giant cockroaches
  15 goblins
  8 hobgoblins
  5 jackals (D:2)
  10 kobolds
  5 quokkas
  9 ball pythons
  9 bats
  7 frilled lizards
  6 rats
149 creatures vanquished.

Notes
Turn   | Place    | Note
-------+----------+-------------------------------------------
     0 | D:1      | Crownlay the Troll Gladiator began the quest for the Orb.
     0 | D:1      | Reached XP level 1. HP: 19/19 MP: 0/0
    99 | D:1      | Reached XP level 2. HP: 28/28 MP: 1/1
   206 | D:1      | Reached skill level 1 in Shields
   339 | D:1      | Reached XP level 3. HP: 34/35 MP: 2/2
   740 | D:2      | Identified the +5 dagger of Zuurer {protect, Str+5 Int+3}
   885 | D:2      | Reached skill level 4 in Unarmed Combat
  1015 | D:2      | Reached XP level 4. HP: 41/42 MP: 3/3
  1463 | D:3      | Reached XP level 5. HP: 50/50 MP: 4/4
  1805 | D:4      | Noticed an ogre
  1813 | D:4      | Killed an ogre
  1814 | D:4      | Reached skill level 5 in Unarmed Combat
  1864 | D:4      | Reached skill level 1 in Shapeshifting
  1864 | D:4      | Reached XP level 6. HP: 54/59 MP: 3/5
  1904 | D:4      | Found a sacrificial altar of Ru.
  1947 | D:4      | Found a burning altar of Makhleb.
  1952 | D:4      | Found a glowing silver altar of Zin.
  1952 | D:4      | Noticed an angel
  1953 | D:4      | Noticed an Executioner
  1959 | D:4      | Found a basalt altar of Yredelemnul.
  2007 | D:4      | Noticed Blork the orc
  2017 | D:4      | Killed Blork the orc
  2031 | D:4      | Noticed Pikel
  2059 | D:4      | Killed Pikel
  2060 | D:4      | Reached skill level 6 in Unarmed Combat
  2060 | D:4      | Reached XP level 7. HP: 27/68 MP: 1/6
  2167 | D:4      | Found a staircase to the Ecumenical Temple.
  2173 | Temple   | Entered the Ecumenical Temple
  2611 | D:4      | Noticed Edmund
  2618 | D:4      | Killed Edmund
  2619 | D:4      | Reached XP level 8. HP: 57/78 MP: 3/7
  2752 | D:4      | Reached skill level 7 in Unarmed Combat
  2914 | D:5      | Entered Level 5 of the Dungeon
  3082 | D:5      | Noticed Ijyb
  3088 | D:5      | Killed Ijyb
  3622 | D:5      | Reached skill level 8 in Unarmed Combat
  3764 | D:6      | Reached XP level 9. HP: 37/85 MP: 5/8
  3868 | D:6      | Found Rylar's Jewellery Shoppe.
  3901 | D:6      | Noticed Jeremiah
  3985 | D:6      | Slain by Jeremiah

Illustrated notes

Levels and vault maps discovered:
D:1:      dpeg_arrival_court, layout_rooms, dreamdust_princess_bridge,
          st_stairs_7, kennysheep_flooded_box, corexii_leaking_fountain,
          minivault_14
D:2:      layout_basic
D:3:      layout_rooms, chequers_serial_rivers_small_a, minmay_starry_boxes
D:4:      layout_gridville, grunt_temple_overflow_order_and_chaos_2,
          nicolae_ru_great_annihilating_truth, yredelemnul_altar_generic,
          minmay_temple_entry_fiery, grunt_ministairs_8, uniq_edmund,
          uniq_pikel, uniq_blork_the_orc
D:5:      layout_loops_ring, uniq_ijyb
D:6:      layout_loops_corners, serial_shops, shop, nicolae_inconvenience_store,
          nicolae_houndstooth_variations, uniq_menkaure, uniq_jeremiah
Temple:   nicolae_temple_colour_theory

Skill      XL: |  1  2  3  4  5  6  7  8 |
---------------+-------------------------+-----
Shields        | 1 2 3 4 |  4.8
Fighting       | 2 3 4 |  4.7
Unarmed Combat | 4 5 6 8 |  8.3
Shapeshifting  | 1 2 3 |  3.8
Throwing       | |  1.7
Dodging        | |  2.4

Action                     |  1- 3 |  4- 6 |  7- 9 || total
---------------------------+-------+-------+-------++-------
  Melee: Unarmed           |   130 |   156 |   169 ||   455
         Punch             |     2 |     5 |     9 ||    16
  Throw: Throwing net      |       |     4 |     1 ||     5
    Use: Scroll            |       |       |     3 ||     3
   Stab: Sleeping          |     1 |     1 |     1 ||     3
         Paralysed         |       |     1 |       ||     1
 Armour: Robe              |    42 |    36 |    27 ||   105
  Dodge: Dodged            |    68 |    69 |    65 ||   202

Table legend: (Time is in decaauts)
 A = Elapsed time spent in this place.
 B = Non-inter-level travel time spent in this place.
 C = Inter-level travel time spent in this place.
 D = Time resting spent in this place.
 E = Time spent auto-exploring this place.
 F = Levels seen in this place.
 G = Mean time per level.
                   A        B        C        D        E       F      G
               +--------+--------+--------+--------+--------+-----+--------+
         Total |   3937 |   3806 |    131 |      0 |   2799 |   7 |  562.4 |
       Dungeon |   3860 |   3729 |    131 |      0 |   2799 |   6 |  643.3 |
        Temple |     76 |     76 |      0 |      0 |      0 |   1 |   76.0 |
               +--------+--------+--------+--------+--------+-----+--------+

Top non-repeatable levels by time:
     D:4: 1022 daAuts
     D:5: 754 daAuts
     D:1: 643 daAuts
     D:2: 591 daAuts
     D:3: 553 daAuts
     D:6: 295 daAuts
  Temple: 76 daAuts
